 Dungeon Crawl Stone Soup version 0.29.1-1-gd02db69 (webtiles) character file.

Game seed: 1434057620178864096

316 TKangy the Shooter (level 6, -3/47 HPs)
             Began as a Human Hunter on Feb 26, 2023.
             Slain by an iguana (10 damage)
             ... on level 4 of the Dungeon.
             The game lasted 00:07:27 (2012 turns).

TKangy the Shooter (Human Hunter)                   Turns: 2012, Time: 00:07:27

Health: -3/47      AC:  3    Str: 12    XL:     6   Next: 73%
Magic:  6/6        EV: 12    Int: 11    God:
Gold:   97         SH:  0    Dex: 16    Spells: 5/5 levels left

rFire   . . .      SeeInvis .   a - +0 shortbow
rCold   . . .      Faith    .   (shield currently unavailable)
rNeg    . . .      Spirit   .   c - +0 leather armour
rPois   .          Reflect  .   (no helmet)
rElec   .          Harm     .   (no cloak)
rCorr   .          Rampage  .   (no gloves)
Will    +....                   (no boots)
Stlth   ++........              (no amulet)
HPRegen 0.15/turn               h - ring of willpower
MPRegen 0.10/turn               (no ring)

@: no status effects
A: no striking features
a: no special abilities


You were on level 4 of the Dungeon.
You visited 1 branch of the dungeon, and saw 3 of its levels.

You collected 97 gold pieces.

Inventory:

Hand Weapons
 a - a +0 shortbow (weapon)
Missiles
 e - 5 poisoned darts (quivered)
Armour
 c - a +0 leather armour (worn)
Jewellery
 h - a ring of willpower (left hand)
Wands
 g - a wand of polymorph (9)
Scrolls
 b - 2 scrolls of immolation
 d - 3 scrolls of identify
 f - 2 scrolls of teleportation
 i - a scroll of torment {unknown}


   Skills:
 + Level 3.3 Fighting
 + Level 6.5 Ranged Weapons
 + Level 1.6 Armour
 + Level 2.2 Dodging
 + Level 1.1 Stealth


You had 5 spell levels left.
You didn't know any spells.
Your spell library contained the following spells:

 Spells                   Type           Power      Damage    Failure   Level
 Foxfire                  Conj/Fire      0%         2x1d4     41%         1
 Blink                    Tloc           0%         N/A       56%         2
 Conjure Flame            Conj/Fire      0%         6-21      80%         3
 Inner Flame              Hex/Fire       0%         N/A       80%         3
 Flame Wave               Conj/Fire      0%         2d4       99%         4
 Manifold Assault         Tloc           0%         N/A       100%        5
 Storm Form               Tmut/Air       0%         N/A       100%        7
 Chain Lightning          Conj/Air       0%         N/A       100%        9
 Fire Storm               Conj/Fire      0%         5d1       100%        9
 Shatter                  Erth           0%         3d5*      100%        9


Dungeon Overview and Level Annotations

Branches:
Dungeon (4/15)             Temple (0/1) D:4

Altars:

Shops:
D:1 [


Message History

The gnoll hits you from afar with a +0 spear.
Fire: a) +0 shortbow
Press: ? - help, Shift-Dir - straight line, f - iguana
Aim: an iguana (68% to hit)
You shoot an arrow. The arrow hits the iguana.
The iguana is moderately wounded.
The iguana completely misses you.
A hound comes into view.
The gnoll closely misses you. The gnoll barely misses you.
The gnoll hits you from afar with a +0 spear.
The iguana closely misses you.
Fire: a) +0 shortbow
Press: ? - help, Shift-Dir - straight line, f/p - iguana
Aim: an iguana (moderately wounded, 68% to hit)
You shoot an arrow. The hound barks!
The arrow hits the iguana but does no damage.
The iguana is moderately wounded.
The gnoll hits you from afar with a +0 spear.
The gnoll barely misses you. The gnoll closely misses you.
The iguana closely misses you. The gnoll closely misses you.
Fire: a) +0 shortbow
Press: ? - help, Shift-Dir - straight line, f/p - iguana
Aim: an iguana (moderately wounded, 68% to hit)
You shoot an arrow. The arrow hits the iguana.
The iguana is heavily wounded.
Your attacks no longer feel as feeble.
The gnoll hits you from afar with a +1 spear of pain!
The gnoll closely misses you.
The iguana bites you but does no damage.
The gnoll hits you from afar with a +0 spear.
* * * LOW HITPOINT WARNING * * *
The gnoll closely misses you.
As you read the scroll labelled MYNEYT KINURY, it crumbles to dust.
It is a scroll of identify.
f - 2 scrolls of teleportation The gnoll hits you from afar with a +0 spear.
* * * LOW HITPOINT WARNING * * *
The iguana bites you!
You die...

#..#.)..........#
#..#............#
#..#............#
####............#
...###########'#.....#####
...#...........#.....##
...#...........#......#
...#...........'..♣.♣.♣
...#)###.......#@)....#
...#..##.......#.l♣.♣.♣
...#..##########ggg...#
...#..# .ggh♣.♣.♣ ...'..#
).......... ...#..#
........... ...####
.......... ...#
........... ...#


You could see an iguana, a hound and 5 gnolls.

Vanquished Creatures
  Sigmund (D:4)
  A hound (D:4)
  A jelly (D:4)
  A gnoll bouda (D:4)
  Natasha (D:4)
  A worm (D:4)
  2 ball pythons
  A bat (D:1)
  4 endoplasms
  3 giant cockroaches
  2 goblins
  4 hobgoblins
  2 quokkas
  A frilled lizard (D:1)
  9 kobolds
  6 rats (D:1)
40 creatures vanquished.

Notes
Turn   | Place    | Note
-------+----------+-------------------------------------------
     0 | D:1      | TKangy the Human Hunter began the quest for the Orb.
     0 | D:1      | Reached XP level 1. HP: 16/16 MP: 1/1
   206 | D:1      | Reached XP level 2. HP: 22/22 MP: 2/2
   434 | D:1      | Found Botaib's Antique Armour Emporium.
   673 | D:1      | Found a faded altar of an unknown god.
  1021 | D:1      | Reached XP level 3. HP: 27/27 MP: 3/3
  1241 | D:2      | You fall into a shaft and drop 2 floors!
  1377 | D:4      | Noticed Natasha
  1391 | D:4      | Killed Natasha
  1392 | D:4      | Reached skill level 5 in Ranged Weapons
  1392 | D:4      | Reached XP level 4. HP: 27/33 MP: 4/4
  1457 | D:4      | Found a staircase to the Ecumenical Temple.
  1526 | D:4      | Noticed Sigmund
  1533 | D:4      | Killed Sigmund
  1534 | D:4      | Reached skill level 6 in Ranged Weapons
  1534 | D:4      | Reached skill level 1 in Armour
  1534 | D:4      | Reached XP level 5. HP: 23/40 MP: 5/5
  1534 | D:4      | Reached XP level 6. HP: 27/46 MP: 6/6
  2012 | D:4      | Slain by an iguana

Illustrated notes

Levels and vault maps discovered:
D:1:      lightli_arrival_statue_moat, layout_loops_ring,
          chequers_ecumenical_altar_island, serial_shops, nicolae_shop_trees
D:2:      layout_rooms
D:4:      layout_gridville, minmay_temple_entry_antechambers, serial_forest,
          infiniplex_forest_straight_3, infiniplex_forest_lined_1,
          infiniplex_forest_straight_1, infiniplex_forest_end_double,
          infiniplex_forest_fountain, infiniplex_forest_lined_room_,
          infiniplex_forest_clump_double, nicolae_shop_firing_range,
          uniq_sigmund, uniq_natasha

Skill      XL: |  1  2  3  4  5  6 |
---------------+-------------------+-----
Ranged Weapons | 5 6 |  6.5
Armour         | 1 |  1.6
Fighting       | 3 |  3.3
Dodging        | |  2.2
Stealth        | |  1.1

Action                   |  1- 3 |  4- 6 || total
-------------------------+-------+-------++-------
 Fire: Shortbow          |    88 |    50 ||   138
Throw: Dart              |     2 |     2 ||     4
  Use: Potion            |     1 |       ||     1
       Scroll            |       |     1 ||     1
Armor: Leather armour    |    14 |     7 ||    21
Dodge: Dodged            |    24 |    30 ||    54
